 Dungeon Crawl Stone Soup version 0.29.1 (webtiles) character file.

Game seed: 7800070551156503353

59 wakxed the Digger (level 3, -10/27 HPs)
             Began as a Demigod Earth Elementalist on Sept 12, 2022.
             Mangled by an iguana (14 damage)
             ... on level 2 of the Dungeon.
             The game lasted 00:06:40 (1336 turns).

wakxed the Digger (Demigod Earth Elementalist)      Turns: 1336, Time: 00:06:41

Health: -10/27     AC:  2    Str:  9    XL:     3   Next: 54%
Magic:  4/9        EV: 12    Int: 21    God:
Gold:   106        SH:  0    Dex: 14    Spells: 0/6 levels left

rFire   . . .      SeeInvis .   c - +0 short sword
rCold   . . .      Faith    .   (no shield)
rNeg    . . .      Spirit   .   l - +0 robe
rPois   .          Reflect  .   (no helmet)
rElec   .          Harm     .   (no cloak)
rCorr   .          Rampage  .   (no gloves)
Will    .....                   (no boots)
Stlth   ++........              (no amulet)
HPRegen 0.09/turn               (no ring)
MPRegen 0.11/turn               (no ring)

@: brilliant
A: high MP 1, forlorn, divine attributes
a: no special abilities


You were on level 2 of the Dungeon.
You visited 1 branch of the dungeon, and saw 2 of its levels.

You collected 106 gold pieces.

Inventory:

Hand Weapons
 c - a +0 short sword (weapon)
Missiles
 h - 4 boomerangs
 m - 5 poisoned darts
Armour
 l - a +0 robe (worn)
Scrolls
 d - a scroll of enchant weapon {unknown}
 f - a scroll of immolation
 g - a scroll of teleportation {unknown}
 j - a scroll of fear {unknown}
 k - a scroll of fog {unknown}
Potions
 a - 2 potions of lignification
 b - 2 potions of magic
 e - a potion of flight
 n - a potion of degeneration {unknown}
 o - a potion of mutation {unknown}


   Skills:
 - Level 0.6 Fighting
 - Level 1.7 Dodging
 - Level 1.7 Stealth
 + Level 2.3 Spellcasting
 + Level 0.3 Conjurations
 - Level 1.3 Transmutations
 * Level 3.6 Earth Magic


You couldn't memorise any spells.
You knew the following spells:

 Your Spells              Type           Power      Damage    Failure   Level
a - Sandblast             Erth           52%        2d12      3%          1
b - Passwall              Tmut/Erth      15%        N/A       8%          2
c - Stone Arrow           Conj/Erth      30%        3d8       19%         3

Your spell library contained the following spells:

 Spells                   Type           Power      Damage    Failure   Level
 Petrify                  Tmut/Erth      19%        N/A       45%         4


Dungeon Overview and Level Annotations

Branches:
Dungeon (2/15)


Innate Abilities, Weirdness & Mutations

You have an increased reservoir of magic. (+10% MP)
You shall have no god before yourself.
Your divine heritage dramatically boosts your attributes as you level up.


Message History

Magic restored.
You see here an adder corpse.
You see here a +0 club.
A giant cockroach comes into view.
Found a short sword.
The blast of sand hits the giant cockroach.
The giant cockroach is moderately wounded.
The blast of sand hits the giant cockroach.
You kill the giant cockroach!
You start resting.
Magic restored.
o - a lumpy cyan potion You now have 106 gold pieces (gained 5).
A worm comes into view.
An iguana comes into view.
The iguana hisses angrily.
You see here an adder corpse.
There is a stone staircase leading up here.
The blast of sand hits the iguana.
The iguana is lightly wounded.
The blast of sand hits the iguana but does no damage.
The iguana is lightly wounded.
The blast of sand misses the iguana.
The iguana bites you!
The blast of sand hits the iguana but does no damage.
The iguana is lightly wounded.
The iguana bites you but does no damage.
The iguana closely misses you.
The blast of sand hits the iguana!
The iguana is severely wounded.
The iguana completely misses you.
The blast of sand hits the iguana but does no damage.
The iguana is severely wounded.
The iguana closely misses you. The iguana bites you!
Ouch! That really hurt!
* * * LOW HITPOINT WARNING * * *
Okay, then.
You feel clever all of a sudden. The iguana bites you!
Ouch! That really hurt!
You die...

#.......... #..........
#..........# .. #..........# ...
#.....[....##.......#
###..........##.......#
####............#........#
#........##...##.........###
#..#####......@†.#..........
###..# #......#l###.......#
#....####.###..#.w##.......#####.
#.........# #...#.†###........#..
####.###### #.#....)..........#.#
#...##.###.###..##.#.........#
###.........###.#..#........#
#..........................##
#...............l...........#


You could see a worm and an iguana.

Vanquished Creatures
  2 adders (D:2)
  A dart slug (D:1)
  3 bats (D:1)
  4 endoplasms (D:1)
  3 giant cockroaches
  4 goblins
  A hobgoblin (D:1)
  A quokka (D:1)
  5 ball pythons
  3 frilled lizards
  6 kobolds (D:1)
  6 rats
39 creatures vanquished.

Notes
Turn   | Place    | Note
-------+----------+-------------------------------------------
     0 | D:1      | wakxed the Demigod Earth Elementalist began the quest for
                  | the Orb.
     0 | D:1      | Reached XP level 1. HP: 14/14 MP: 5/5
   143 | D:1      | Reached skill level 3 in Earth Magic
   216 | D:1      | Reached XP level 2. HP: 22/22 MP: 5/7
   318 | D:1      | Learned a level 2 spell: Passwall
   445 | D:1      | Reached skill level 1 in Transmutations
   834 | D:1      | Reached XP level 3. HP: 21/27 MP: 3/8
  1138 | D:2      | Learned a level 3 spell: Stone Arrow
  1336 | D:2      | Mangled by an iguana

Illustrated notes

Levels and vault maps discovered:
D:1:      nzn_arrival_water_spiral, layout_rooms,
          hellmonk_ecumenical_altar_zigzags, nrook_campfire,
          minmay_split_cup_large
D:2:      layout_rooms, nicolae_figureground_sparkle

Skill      XL: |  1  2 |
---------------+-------+-----
Earth Magic    | 3 |  3.6
Spellcasting   | 2 |  2.3
Transmutations | 1 |  1.3
Fighting       | |  0.6
Dodging        | |  1.7
Stealth        | |  1.7
Conjurations   | |  0.3

Action                   || total
-------------------------++-------
Melee: Short sword       ||     1
 Cast: Sandblast         ||    60
  Use: Scroll            ||     4
       Potion            ||     1
Armor: Robe              ||     2
Dodge: Dodged            ||    17
